 Dungeon Crawl Stone Soup version 0.26-a0-597-gb535b0901c (webtiles) character file.

Game seed: 13377432560367993531

1913194 MagicUser the Talismancer (level 27, 194/207 HPs)
             Began as a Formicid Fighter on Aug 25, 2020.
             Was the Champion of Okawaru.
             Escaped with the Orb
             ... and 3 runes on Aug 26, 2020!
             The game lasted 02:20:26 (63114 turns).

MagicUser the Talismancer (Formicid Fighter)       Turns: 63114, Time: 02:20:27

Health: 194/207    AC: 43    Str: 36    XL:     27
Magic:  33/33      EV: 19    Int: 13    God:    Okawaru [******]
Gold:   7323       SH: 34    Dex: 14    Spells: 26/26 levels left

rFire    + + .     SeeInvis +   t - +9 executioner's axe (vorpal)
rCold    + + +     Faith    .   K - +8 tower shield {reflect}
rNeg     + . .     Spirit   .   S - +9 crystal plate armour of the Gate {rC++}
rPois    +         Reflect  +   (helmet unavailable)
rElec    +         Harm     .   V - scarf {rC+ rF+}
rCorr    .                      m - +2 pair of gloves {Str+3}
MR       +++..                  P - +0 pair of boots of Broken Taboos {rElec rPois Int+3}
Stlth    ..........             N - amulet of regeneration
HPRegen  0.84/turn              Y - ring "Ducuymm" {rPois rN+}
MPRegen  0.23/turn              s - ring of Impatience {rF+ MR+ Str+5}

@: no status effects
A: permanent stasis, dig shafts and tunnels, four strong arms, antennae 3,
talons 1, frail 1, mutation resistance 1
0: Orb of Zot
}: 3/15 runes: decaying, serpentine, silver
a: Dig, Shaft Self, Heroism, Finesse, Renounce Religion


You escaped.
You worshipped Okawaru.
Okawaru was exalted by your worship.
You visited 10 branches of the dungeon, and saw 52 of its levels.
You also visited: Gauntlet, Ice Cave and Volcano.

You collected 8159 gold pieces.
You spent 836 gold pieces at shops.

Inventory:

Hand Weapons
 t - a +9 vorpal executioner's axe (weapon)
 C - a +6 antimagic battleaxe
Armour
 m - a +2 pair of gloves of strength (worn)
 p - a +2 pair of boots of running
 K - a +8 tower shield of reflection (worn)
 P - the +0 pair of boots of Broken Taboos (worn) {rElec rPois Int+3}
   (You found it on level 2 of the Depths)

   It affects your intelligence (+3).
   It insulates you from electricity.
   It protects you from poison.
 S - the +9 crystal plate armour of the Gate (worn) {rC++}
   (Okawaru gifted it to you on level 4 of the Swamp)

   It greatly protects you from cold.
 V - a scarf of resistance (worn)
Jewellery
 s - the ring of Impatience (right hand) {rF+ MR+ Str+5}
   (You found it on level 5 of the Vaults)

   [ring of protection from fire]

   It affects your strength (+5).
   It protects you from fire.
   It affects your resistance to hostile enchantments.
 D - an uncursed ring of resist corrosion
 J - the ring "Rese" {+Fly MR+}
   (You took it off a deep elf sorcerer on level 2 of the Depths)

   [ring of flight]

   It affects your resistance to hostile enchantments.
   It lets you fly.
 M - a +4 ring of slaying
 N - an amulet of regeneration (around neck)
 Y - the ring "Ducuymm" (left hand) {rPois rN+}
   (You acquired it on level 1 of the Crypt)

   [ring of positive energy]

   It protects you from poison.
   It protects you from negative energy.
Wands
 a - a wand of enslavement (24)
 u - a wand of flame (154)
 y - a wand of acid (30)
 B - a wand of iceblast (84)
 E - a wand of polymorph (33)
 H - a wand of digging (43)
 Q - a wand of paralysis (30)
 R - a wand of disintegration (20)
Scrolls
 f - 5 scrolls of magic mapping
 g - 38 scrolls of remove curse
 o - 23 scrolls of amnesia
 v - 5 scrolls of silence
 w - 8 scrolls of fear
 A - 15 scrolls of fog
 I - a scroll of enchant weapon
 L - 10 scrolls of enchant armour
 O - a scroll of holy word
 U - 3 scrolls of identify
 X - 3 scrolls of brand weapon
 Z - 4 scrolls of summoning
Potions
 d - 12 potions of might
 h - a potion of cancellation
 i - 14 potions of brilliance
 j - 3 potions of invisibility
 l - 14 potions of heal wounds
 n - 12 potions of stabbing
 q - 7 potions of ambrosia
 r - 7 potions of magic
 x - 4 potions of mutation
 z - 4 potions of resistance
 F - 25 potions of curing
 G - 13 potions of flight
Miscellaneous
 b - a lightning rod (4/4)
 c - a box of beasts (3/3)
 e - a condenser vane (2/2)
 k - a phantom mirror
 W - a tin of tremorstones (3/3)


   Skills:
 - Level 22.0 Fighting
 - Level 22.0 Axes
 - Level 22.0 Armour
 + Level 19.9 Dodging
 - Level 0.1 Stealth
 - Level 22.0 Shields
 - Level 14.0 Invocations
 O Level 27 Evocations


You had 26 spell levels left.
You didn't know any spells.
Your spell library contained the following spells:

 Spells                   Type           Power        Failure   Level
 Animate Skeleton         Necr           #.....       88%         1
 Apportation              Tloc           #.....       88%         1
 Corona                   Hex            #......      88%         1
 Freeze                   Ice            #...         88%         1
 Pain                     Necr           #...         88%         1
 Sandblast                Erth           #.....       88%         1
 Shock                    Conj/Air       #...         88%         1
 Sting                    Tmut/Pois      #...         88%         1
 Summon Small Mammal      Summ           #...         88%         1
 Call Imp                 Summ           #.......     95%         2
 Corpse Rot               Necr/Air       N/A          95%         2
 Ensorcelled Hibernation  Hex/Ice        #.....       95%         2
 Passwall                 Tmut/Erth      #.......     95%         2
 Poisonous Vapours        Pois/Air       #.....       95%         2
 Slow                     Hex            #.......     95%         2
 Sublimation of Blood     Necr           #.........   95%         2
 Call Canine Familiar     Summ           #.......     99%         3
 Confusing Touch          Hex            #.......     99%         3
 Dazzling Flash           Conj/Hex       #.....       99%         3
 Frozen Ramparts          Ice            #.....       99%         3
 Gell's Gravitas          Tloc           #.........   99%         3
 Ignite Poison            Fire/Tmut/Pois #.......     99%         3
 Inner Flame              Hex/Fire       #.......     99%         3
 Lesser Beckoning         Tloc           #.........   99%         3
 Mephitic Cloud           Conj/Pois/Air  #.......     99%         3
 Ozocubu's Armour         Ice            #.......     99%         3
 Portal Projectile        Hex/Tloc       #.....       99%         3
 Spider Form              Tmut/Pois      #.........   99%         3
 Static Discharge         Conj/Air       #.......     99%         3
 Stone Arrow              Conj/Erth      #.....       99%         3
 Summon Guardian Golem    Hex/Summ       #.......     99%         3
 Tukima's Dance           Hex            #.......     99%         3
 Vampiric Draining        Necr           #.........   99%         3
 Airstrike                Air            #.........   100%        4
 Animate Dead             Necr           #.........   100%        4
 Cause Fear               Hex            #.........   100%        4
 Dispel Undead            Necr           #.......     100%        4
 Hailstorm                Conj/Ice       #.......     100%        4
 Ice Form                 Ice/Tmut       #.......     100%        4
 Leda's Liquefaction      Hex/Erth       #.........   100%        4
 Olgreb's Toxic Radiance  Pois           #.......     100%        4
 Petrify                  Tmut/Erth      #.......     100%        4
 Summon Ice Beast         Ice/Summ       #.......     100%        4
 Summon Lightning Spire   Summ/Air       #.......     100%        4
 Agony                    Necr           #.......     100%        5
 Alistair's Intoxication  Tmut/Pois      #........    100%        5
 Bolt of Magma            Conj/Fire/Erth #.........   100%        5
 Excruciating Wounds      Necr           #.........   100%        5
 Fireball                 Conj/Fire      #.........   100%        5
 Irradiate                Conj/Tmut      #.........   100%        5
 Iskenderun's Battlesphe  Conj           #.......     100%        5
 Lee's Rapid Deconstruct  Erth           #.........   100%        5
 Lightning Bolt           Conj/Air       #.........   100%        5
 Metabolic Englaciation   Hex/Ice        #.........   100%        5
 Silence                  Hex/Air        #.........   100%        5
 Summon Demon             Summ           #.........   100%        5
 Summon Forest            Summ/Tloc      #.........   100%        5
 Summon Mana Viper        Hex/Summ       #.......     100%        5
 Yara's Violent Unravell  Hex/Tmut       #.........   100%        5
 Dispersal                Tloc           #.........   100%        6
 Eringya's Noxious Bog    Tmut/Pois      #.........   100%        6
 Freezing Cloud           Conj/Ice/Air   #.........   100%        6
 Invisibility             Hex            #.......     100%        6
 Iron Shot                Conj/Erth      #.........   100%        6
 Ozocubu's Refrigeration  Ice            #.........   100%        6
 Shadow Creatures         Summ           N/A          100%        6
 Simulacrum               Ice/Necr       #.........   100%        6
 Starburst                Conj/Fire      #.........   100%        6
 Statue Form              Tmut/Erth      #........    100%        6
 Haunt                    Necr/Summ      #.........   100%        7
 Orb of Destruction       Conj           #.........   100%        7
 Spellforged Servitor     Conj/Summ      #.........   100%        7
 Summon Hydra             Summ           #.........   100%        7
 Borgnjor's Revivificati  Necr           #.........   100%        8
 Disjunction              Tloc           #.........   100%        8
 Ignition                 Fire           #.........   100%        8
 Infestation              Necr           #.........   100%        8
 Necromutation            Tmut/Necr      #.........   100%        8
 Death's Door             Necr           #.........   100%        9
 Shatter                  Erth           #.........   100%        9
 Tornado                  Air            #.........   100%        9
 Swiftness                Air            Unusable     N/A         2

Dungeon Overview and Level Annotations

Branches:
Dungeon (15/15)            Temple (0/1) D:6            Lair (6/6) D:10
  Swamp (4/4) Lair:2        Snake (4/4) Lair:2          Orc (2/2) D:10
    Elf (3/3) Orc:2        Vaults (5/5) D:14          Crypt (3/3) Vaults:3
   Tomb (0/3) Crypt:3      Depths (5/5) D:15            Zot (5/5) Depths:5
  IceCv (visited)         Volcano (visited)         Gauntlet (visited)
  Slime: Lair:5-6

Altars:
Ashenzari
Dithmenos
Gozag
Kikubaaqudgha
Okawaru
Qazlal
Ru
Vehumet
Wu Jian
Xom
Yredelemnul
The Shining One
Beogh

Shops:
D:14 (   Orc:2 *=([[   Elf:1 (   Elf:3 (

Portals:
Hell: Depths:1 Depths:2 Depths:3 Depths:4 Depths:5
Abyss: Depths:1 Depths:4
Pandemonium: Depths:3
Ziggurat: Depths:5

Annotations:
Lair:1 exclusion: oklob plant
Lair:4 3 runed translucent doors, Orgheunu's ghost, journeyman DDFi; Quyjis's ghost, journeyman DDGl
Lair:6 exclusion: 6 oklob plants
Elf:3 1 runed translucent door, Otoutod's ghost, journeyman DrEE


Innate Abilities, Weirdness & Mutations

You cannot be hasted, slowed, berserked, paralysed or teleported.
You can dig through walls and to a lower floor.
Your four strong arms can wield two-handed weapons with a shield.
You have a pair of large antennae on your head. (SInv)
You have sharp toenails.
You are frail. (-10% HP)
You are somewhat resistant to further mutation.


Message History

A soul eater comes into view.
You see here a hunting sling.
The soul eater moves out of view.
You see here a leather armour.
There is a stone staircase leading up here.
You climb upwards.
There is a stone staircase leading down here.
A hellion comes into view.
You block the hellion's attack.
There is an open door here.
You barely miss the hellion. The hellion gestures at you.
The sphere of damnation explodes!
The damnation engulfs you!!
The damnation engulfs the hellion.
The hellion completely resists.
You chop the hellion into pieces!!!!
You kill the hellion!
Okawaru accepts your kill.
There is an open door here.
There is a staircase leading out of the dungeon here.
You have escaped!

#.#
##.###...###.##.........
#.###.## #...#
##.#..##.#### #..##.# ##'##
#.#..#...... ##.##.# #...#
#.##.#..###.
#.#.#####...#####.#.#...##.
#.#.#≈§.#...#.≈≈#.#.#......
#.#.#≈§.#...#.≈≈#.#.#..####
#.#.#≈..#...#..≈#.#.......+
#...+≈..'.@.'..≈#.(....####
###.#§..#...#..≈#.#..).....
#.#≈≈.#...#.≈≈#.#.##.####
#.#≈≈.#...#.≈≈#.#.##.####
#.#####...#####.#.##...#
##.# #...# #.##.##...# #.#
##+## #.##.##...## #.##
#...# ##.##..#.....
##.###...###.####(#.####


There were no monsters in sight!

Vanquished Creatures
  A seraph (D:8)
  3 pandemonium lords
  13 orbs of fire
  4 ancient liches (Zot:5)
  Mara (Depths:2)
  A juggernaut (Depths:5)
  Sojobo (Depths:2)
  Boris (Crypt:3)
  4 Killer Klowns
  Margery (Depths:5)
  The ghost of Ebuufud the End of an Era, a veteran MiFi of Qazlal (Depths:2)
  Bai Suzhen (Depths:3)
  14 caustic shrikes
  2 curse toes
  Saint Roka (Depths:2)
  17 golden dragons
  Jory (Depths:3)
  2 electric golems
  2 bone dragons (Depths:5)
  A hellephant (D:10)
  7 liches
  Jorgrun (D:15)
  22 tentacled monstrosities
  Rupert (Orc:2)
  10 quicksilver dragons
  A deep elf blademaster (Elf:2)
  An Ice Fiend (IceCv)
  9 titans
  23 Orb Guardians (Zot:5)
  3 ancient champions
  2 deep elf master archers (Elf:3)
  7 sphinxes
  9 death cobs
  2 thorn hunters
  12 shadow dragons
  6 tengu reavers
  7 revenants
  20 storm dragons
  4 draconian monks
  9 fire giants
  10 frost giants
  7 draconian knights
  2 ghost moths
  6 nagarajas
  3 iron dragons
  Louise (Elf:2)
  9 draconian scorchers
  12 deep elf sorcerers
  A curse skull (Crypt:3)
  9 vault wardens
  6 draconian annihilators
  4 draconian shifters
  4 draconian stormcallers
  Aizul (Depths:3)
  15 ironheart preservers
  3 orc warlords
  3 angels
  28 very ugly things
  A spriggan defender (Depths:3)
  11 ghouls
  2 deep elf elementalists (Elf:3)
  4 reapers
  15 stone giants
  9 green draconians
  A stone giant (shapeshifter) (Depths:1)
  9 deep elf demonologists
  A war gargoyle (Vaults:5)
  10 black draconians
  14 vampire knights
  A lorocyproca (Depths:3)
  6 white draconians
  4 entropy weavers
  8 deep elf annihilators
  A spark wasp (Depths:2)
  2 spectral titans (Crypt:3)
  13 purple draconians
  A minotaur (Gauntlet)
  14 red draconians
  15 yellow draconians
  13 ettins
  Josephine (Lair:6)
  10 eidola
  A crystal guardian (Vaults:4)
  A merfolk javelineer (Depths:4)
  Snorg (D:13)
  16 fire dragons
  2 green deaths
  A quicksilver dragon zombie (Crypt:2)
  14 deep elf death magi
  9 deep elf high priests
  3 spectral quicksilver dragons (Crypt:3)
  A jiangshi (Crypt:3)
  13 yaktaur captains
  A merfolk impaler (Depths:1)
  26 vault guards
  10 great orbs of eyes
  A spectral shadow dragon (Crypt:3)
  27 hydras
  10 ice dragons
  Erolcha (D:10)
  Fannar (D:10)
  5 rakshasas
  2 spriggan air magi
  3 catoblepae (Lair:6)
  15 centaur warriors
  A shambling mangrove (Swamp:4)
  14 alligators
  22 naga warriors
  15 anacondas
  11 ogre magi
  A hell beast (Depths:3)
  32 dancing weapons
  30 two-headed ogres
  5 tengu warriors
  2 spectral frost giants (Crypt:3)
  A death knight (D:13)
  15 naga sharpshooters
  17 deep troll earth magi
  A titan zombie (Vaults:4)
  9 deep troll shamans
  Urug (Lair:6)
  8 death yaks
  6 orc high priests
  2 shock serpents (shapeshifter)
  2 soul eaters (Crypt:3)
  2 spectral storm dragons (Crypt:3)
  6 shock serpents
  4 vampire magi
  23 deep elf knights
  8 spriggan berserkers
  9 spriggans
  An iron troll (Depths:3)
  11 hell knights
  A death drake (shapeshifter) (Vaults:1)
  2 salamander mystics (Depths:4)
  9 shadow wraiths
  An unseen horror (shapeshifter) (D:15)
  A sixfirhy (Depths:3)
  A spriggan druid (Swamp:4)
  2 spectral hydras (Crypt:3)
  A spectral anaconda (Crypt:3)
  7 glowing orange brains
  3 unseen horrors
  15 skeletal warriors
  A swamp dragon (shapeshifter) (Depths:3)
  42 deep trolls
  9 naga ritualists
  10 swamp dragons
  13 flayed ghosts
  2 deep trolls (shapeshifter)
  2 spectral wolf spiders (Crypt:3)
  11 wizards
  8 deep elf archers
  9 ironbrand convokers
  22 phantasmal warriors
  Pikel (D:6)
  2 mana vipers (shapeshifter) (D:15)
  An orange crystal statue (Depths:4)
  19 orc knights
  12 mana vipers
  2 spectral ice dragons (Crypt:3)
  12 necromancers
  3 oklob plants (Lair:6)
  78 deep elf magi
  4 wolf spiders
  53 ugly things
  A manticore (shapeshifter) (Vaults:1)
  A spectral ettin (Crypt:3)
  10 orc sorcerers
  A stone giant zombie (Crypt:2)
  2 manticores
  12 salamanders
  27 moths of wrath
  2 frost giant zombies (Crypt:2)
  3 cyclopes (Vaults:2)
  4 ice statues
  A spectral shock serpent (Crypt:3)
  2 centaur zombies
  4 elephants (Lair:4)
  2 salamanders (shapeshifter) (Vaults:2)
  4 guardian serpents
  2 smoke demons (Depths:3)
  8 gargoyles
  Joseph (D:10)
  26 naga magi
  30 black mambas
  12 vault sentinels
  A shock serpent skeleton (Crypt:1)
  A molten gargoyle (Volcano)
  2 guardian serpents (shapeshifter)
  2 torpor snails
  A grey draconian zombie (Crypt:1)
  A dire elephant skeleton (Crypt:1)
  A cane toad (shapeshifter) (Depths:1)
  28 cane toads
  An emperor scorpion zombie (Crypt:1)
  5 komodo dragons
  A minotaur zombie (Gauntlet)
  4 rime drakes
  64 yaktaurs
  A kobold demonologist (D:13)
  2 orange demons (Gauntlet)
  2 hellions
  11 freezing wraiths
  4 efreet
  4 guardian mummies (Crypt:3)
  12 ice devils (IceCv)
  7 tengu conjurers
  A human skeleton (Vaults:4)
  An anaconda simulacrum (IceCv)
  2 harpy zombies
  A red devil (Zot:2)
  A catoblepas skeleton (Crypt:1)
  A queen bee (Gauntlet)
  A troll (shapeshifter) (D:13)
  14 hornets
  A grey draconian skeleton (Crypt:3)
  A jumping spider (Vaults:3)
  9 meliai
  7 trolls
  A small abomination (Elf:3)
  A wolf spider simulacrum (Crypt:2)
  2 hornets (shapeshifter)
  4 polar bears
  7 tyrant leeches
  10 blink frogs
  2 tengu simulacra (Vaults:3)
  A blink frog (shapeshifter) (D:13)
  9 hippogriffs
  17 bog bodies
  An alligator zombie (Crypt:1)
  2 ettin zombies (Crypt:1)
  45 slime creatures
  A frost giant simulacrum (Crypt:1)
  A fire dragon zombie (Crypt:1)
  4 flying skulls (Crypt:1)
  A tarantella zombie (Crypt:3)
  2 dire elephant simulacra (IceCv)
  A spriggan (shapeshifter) (Elf:2)
  7 air elementals
  A vampire (D:12)
  6 redbacks
  4 shadows
  3 tarantellas
  15 wraiths
  A wyvern (D:14)
  52 yaks
  9 water elementals
  An ice dragon skeleton (Crypt:1)
  A wyvern (shapeshifter) (D:15)
  2 large abominations
  A ynoxinul (Zot:5)
  3 basilisks
  3 fire bats (Lair:5)
  A fire elemental (Volcano)
  A swamp worm (shapeshifter) (Vaults:4)
  A steam dragon (D:13)
  A chaos spawn (Depths:3)
  7 wargs
  31 vampire mosquitoes
  55 nagas
  6 insubstantial wisps (Swamp:3)
  A harpy simulacrum (IceCv)
  2 spectral cane toads (Crypt:3)
  16 swamp worms
  2 iron troll simulacra (IceCv)
  2 soldier ants
  4 hydra simulacra (IceCv)
  A water moccasin (shapeshifter) (Vaults:2)
  A cane toad zombie (Crypt:2)
  4 floating eyes
  20 water moccasins
  3 acid dragons
  10 porcupines
  7 swamp drakes (Swamp:4)
  A deep troll skeleton (Vaults:4)
  An infernal demonspawn skeleton (Crypt:2)
  54 orc warriors
  An ice beast (D:11)
  3 sky beasts
  5 black bears
  3 necrophages
  3 ettin simulacra (Depths:4)
  An ogre (shapeshifter) (Vaults:2)
  A phantom (D:4)
  A black mamba simulacrum (Crypt:2)
  3 eyes of draining
  29 ogres
  35 wolves
  A snapping turtle skeleton (Crypt:2)
  21 centaurs
  4 lemures (D:6)
  17 boggarts
  17 crocodiles
  4 big kobolds
  A hog skeleton (Crypt:1)
  An elf simulacrum (Vaults:1)
  A fire crab zombie (Crypt:2)
  2 human zombies (Vaults:4)
  16 bullfrogs
  4 earth elementals
  A yaktaur skeleton (Crypt:2)
  A wyvern skeleton (Crypt:1)
  3 scorpions
  A water moccasin skeleton (D:8)
  2 swamp dragon simulacra
  16 wights
  14 killer bees
  2 vampire bats (D:4)
  5 electric eels
  A howler monkey (D:9)
  6 quasits
  21 orc priests
  2 bullfrog skeletons
  2 bullfrog zombies (D:6)
  4 centaur skeletons
  7 hounds
  6 jellies
  24 orc wizards
  5 iguanas
  14 worker ants
  A naga skeleton (Crypt:3)
  A hound zombie (D:6)
  2 tengu skeletons
  A crocodile skeleton (Crypt:3)
  A felid skeleton (Crypt:2)
  2 hound skeletons
  A worker ant zombie (D:7)
  2 howler monkey skeletons
  13 adders
  A steam dragon skeleton (Crypt:3)
  2 shadow imps
  4 white imps
  6 ufetubi
  An ooze (D:5)
  A worm zombie (Crypt:2)
  2 adder skeletons
  3 adder zombies
  2 worms
  2 dart slugs
  3 leopard geckos
  124 orcs
  2 bats (D:1)
  4 bat skeletons (D:4)
  A bat zombie (D:4)
  8 goblins
  7 hobgoblins
  20 jackals
  34 kobolds
  4 quokkas
  2 ball pythons
  A dart slug zombie (Crypt:1)
  4 frilled lizards
  A goblin zombie (Crypt:3)
  A jackal zombie (Crypt:2)
  A leopard gecko zombie (D:6)
  6 rats
  4 crawling corpses
2689 creatures vanquished.

Vanquished Creatures (others)
  A golden dragon (Zot:2)
  A tengu reaver (Depths:2)
  A spriggan defender (Depths:3)
  A two-headed ogre (Depths:2)
  A deep elf knight (Elf:3)
  A deep elf archer (Elf:3)
  A harpy (shapeshifter) (Elf:3)
  A deep elf mage (Elf:3)
  A manticore (Lair:6)
  A water elemental (Elf:3)
  A naga (Snake:4)
  A centaur (Vaults:2)
  An orc (Vaults:5)
  79 fungi
  101 plants
  2 withered plants (Elf:3)
195 creatures vanquished.

Grand Total: 2884 creatures vanquished

Notes
Turn   | Place    | Note
-------+----------+-------------------------------------------
     0 | D:1      | MagicUser the Formicid Fighter began the quest for the Orb.
     0 | D:1      | Reached XP level 1. HP: 18/18 MP: 1/1
   119 | D:1      | Reached XP level 2. HP: 24/24 MP: 2/2
   472 | D:1      | Reached XP level 3. HP: 30/30 MP: 3/3
  1111 | D:2      | Reached XP level 4. HP: 16/37 MP: 4/4
  1428 | D:2      | Found an opulent altar of Gozag.
  1884 | D:2      | Found a shattered altar of Ashenzari.
  2044 | D:3      | Noticed a bullfrog
  2051 | D:3      | Killed a bullfrog
  2051 | D:3      | Reached XP level 5. HP: 37/42 MP: 5/5
  2090 | D:3      | Reached skill level 5 in Axes
  2186 | D:3      | Noticed a black bear
  2194 | D:3      | Killed a black bear
  2194 | D:3      | Reached XP level 6. HP: 48/48 MP: 6/6
  2203 | D:3      | Found an iron altar of Okawaru.
  2211 | D:3      | Became a worshipper of Warmaster Okawaru
  3273 | D:4      | Noticed a phantom
  3288 | D:4      | Killed a phantom
  3288 | D:4      | Reached XP level 7. HP: 48/55 MP: 7/7
  3484 | D:4      | Reached skill level 1 in Invocations
  3531 | D:4      | Reached * piety under Okawaru
  4016 | D:4      | Found an ancient bone altar of Kikubaaqudgha.
  4029 | D:4      | Reached XP level 8. HP: 61/61 MP: 9/9
  4081 | D:5      | Entered Level 5 of the Dungeon
  4695 | D:5      | Reached ** piety under Okawaru
  4695 | D:5      | Reached skill level 5 in Fighting
  4841 | D:5      | Found a shadowy altar of Dithmenos.
  5103 | D:6      | Found a staircase to the Ecumenical Temple.
  5161 | D:6      | Reached XP level 9. HP: 68/68 MP: 11/11
  5289 | D:6      | Found a glowing golden altar of the Shining One.
  5368 | D:6      | Noticed Pikel
  5386 | D:6      | Killed Pikel
  5386 | D:6      | Reached skill level 10 in Axes
  6025 | D:6      | Found an ornate altar of the Wu Jian Council.
  6626 | D:7      | Noticed a hornet
  6634 | D:7      | Killed a hornet
  6634 | D:7      | Reached *** piety under Okawaru
  6634 | D:7      | Reached XP level 10. HP: 71/76 MP: 10/13
  6691 | D:7      | Found a shimmering altar of Xom.
  6958 | D:7      | Got an ichor-stained hand axe
  6959 | D:7      | Identified the +11 hand axe of Niatyox {vorpal, MR+} (You
                  | found it on level 7 of the Dungeon)
  7154 | D:7      | Found a sacrificial altar of Ru.
  7248 | D:8      | Reached skill level 5 in Invocations
  8010 | D:9      | Found a stormy altar of Qazlal.
  8134 | D:9      | Reached **** piety under Okawaru
  8236 | D:9      | Received a gift from Okawaru
  8649 | D:9      | Found a stormy altar of Qazlal.
  8739 | D:10     | Entered Level 10 of the Dungeon
  8744 | D:10     | Noticed Fannar
  8745 | D:10     | Reached skill level 10 in Fighting
  8748 | D:10     | Received a gift from Okawaru
  8752 | D:10     | Reached XP level 11. HP: 86/91 MP: 12/14
  8774 | D:10     | Killed Fannar
  8774 | D:10     | Reached ***** piety under Okawaru
  9117 | D:10     | Noticed Erolcha
  9122 | D:10     | Found a staircase to the Lair.
  9131 | D:10     | Killed Erolcha
  9138 | D:10     | Received a gift from Okawaru
  9158 | D:10     | Reached skill level 1 in Evocations
  9352 | D:10     | Noticed a two-headed ogre
  9361 | D:10     | Killed a two-headed ogre
  9371 | D:10     | Noticed a two-headed ogre
  9377 | D:10     | Killed a two-headed ogre
  9379 | D:10     | Found a staircase to the Orcish Mines.
  9723 | D:10     | Found a roughly hewn altar of Beogh.
  9891 | D:10     | Reached XP level 12. HP: 105/105 MP: 16/16
 10107 | D:10     | Received a gift from Okawaru
 10168 | D:10     | Noticed Joseph
 10179 | D:10     | Killed Joseph
 10413 | Lair:1   | Entered Level 1 of the Lair of Beasts
 10538 | Lair:1   | Found an ancient bone altar of Kikubaaqudgha.
 11504 | Lair:2   | Found a staircase to the Snake Pit.
 11575 | Lair:2   | Noticed a seven-headed hydra
 11589 | Lair:2   | Killed an eight-headed hydra
 11589 | Lair:2   | Reached skill level 5 in Armour
 12113 | Lair:2   | Reached skill level 5 in Shields
 12165 | Lair:2   | Noticed a death yak
 12167 | Lair:2   | Noticed a death yak
 12182 | Lair:2   | Killed a death yak
 12186 | Lair:2   | Killed a death yak
 12186 | Lair:2   | Reached XP level 13. HP: 47/114 MP: 16/18
 12654 | Lair:2   | Found a staircase to the Swamp.
 12892 | Lair:3   | Received a gift from Okawaru
 12915 | Lair:3   | Reached skill level 2 in Evocations
 14109 | Lair:4   | Reached skill level 3 in Evocations
 14196 | Lair:4   | Reached skill level 10 in Armour
 14265 | Lair:4   | Reached ****** piety under Okawaru
 14265 | Lair:4   | Reached skill level 10 in Shields
 14266 | Lair:4   | Received a gift from Okawaru
 14766 | Lair:4   | Found a runed translucent gate.
 14766 | Lair:4   | Found a runed translucent gate.
 14766 | Lair:4   | Found a runed translucent gate.
 14963 | Lair:4   | Noticed Quyjis's ghost (journeyman DDGl)
 14963 | Lair:4   | Noticed Orgheunu's ghost (journeyman DDFi)
 15134 | Lair:5   | Noticed a five-headed hydra
 15143 | Lair:5   | Killed a six-headed hydra
 15157 | Lair:5   | Received a gift from Okawaru
 15160 | Lair:5   | Reached XP level 14. HP: 116/121 MP: 19/19
 15169 | Lair:5   | Found a dark tunnel.
 15178 | Volcano  | Entered a volcano
 16046 | Lair:6   | Entered Level 6 of the Lair of Beasts
 16063 | Lair:6   | Noticed Josephine
 16075 | Lair:6   | Killed Josephine
 16285 | Lair:6   | Noticed Urug
 16296 | Lair:6   | Received a gift from Okawaru
 16298 | Lair:6   | Killed Urug
 17065 | Lair:6   | Reached XP level 15. HP: 117/127 MP: 20/20
 17489 | Lair:6   | Got a twisted ring mail {god gift}
 17491 | Lair:6   | Identified the +1 ring mail of Boiling Hail {+Blink Regen+}
                  | (Okawaru gifted it to you on level 6 of the Lair of Beasts)
 17507 | Lair:6   | Received a gift from Okawaru
 17759 | D:11     | Reached skill level 15 in Shields
 17865 | D:11     | Reached skill level 4 in Evocations
 18309 | D:11     | Reached skill level 5 in Evocations
 18730 | D:12     | Reached skill level 7 in Evocations
 18730 | D:12     | Reached XP level 16. HP: 134/134 MP: 21/23
 19155 | D:13     | Noticed Snorg
 19163 | D:13     | Killed Snorg
 19225 | D:13     | Reached skill level 10 in Invocations
 19536 | D:13     | Received a gift from Okawaru
 19909 | D:13     | You fall into a shaft and drop 2 floors!
 19909 | D:15     | Entered Level 15 of the Dungeon
 20246 | D:14     | Found Qeemos's Antique Weapon Shoppe.
 20250 | D:14     | Bought a runed battleaxe for 304 gold pieces
 20718 | D:14     | Found a gate to the Vaults.
 20843 | D:13     | Reached skill level 15 in Fighting
 21145 | Orc:1    | Entered Level 1 of the Orcish Mines
 21145 | Orc:1    | Found a roughly hewn altar of Beogh.
 21331 | Orc:1    | Found a roughly hewn altar of Beogh.
 21615 | Orc:1    | Found a roughly hewn altar of Beogh.
 21844 | Orc:2    | Entered Level 2 of the Orcish Mines
 21844 | Orc:2    | Found Zobauk's Antique Armour Shoppe.
 21883 | Orc:2    | Reached XP level 17. HP: 135/142 MP: 8/24
 21919 | Orc:2    | Noticed Rupert
 21921 | Orc:2    | Received a gift from Okawaru
 21933 | Orc:2    | Killed Rupert
 22088 | Orc:2    | Found Syfuthoc's Antique Armour Boutique.
 22108 | Orc:2    | Found a gate leading to a gauntlet.
 22125 | Gauntlet | Entered a Gauntlet
 22125 | Gauntlet | Found a transporter.
 22130 | Gauntlet | Found a transporter.
 22131 | Gauntlet | Found a transporter.
 22157 | Gauntlet | Found a transporter.
 22175 | Gauntlet | Found a transporter.
 22177 | Gauntlet | Found a transporter.
 22190 | Gauntlet | Found a transporter.
 22207 | Gauntlet | Found a transporter.
 22217 | Gauntlet | Found a transporter.
 22222 | Gauntlet | Found a transporter.
 22222 | Gauntlet | Found a transporter.
 22247 | Gauntlet | Found a transporter.
 22262 | Gauntlet | Found a transporter.
 22272 | Gauntlet | Found a runed translucent gate.
 22273 | Gauntlet | Found a runed translucent gate.
 22273 | Gauntlet | Found a transporter.
 22275 | Gauntlet | Found a runed translucent gate.
 22525 | Gauntlet | Reached skill level 15 in Axes
 22899 | Orc:2    | Found Mihyd's Jewellery Boutique.
 22924 | Orc:2    | Bought an uncursed ring of resist corrosion for 280 gold
                  | pieces
 22971 | Orc:2    | Found Nuytuow's Antique Weapon Shoppe.
 23187 | Orc:2    | Found Uhoifemm's General Store.
 23194 | Orc:2    | Bought a scroll of enchant armour for 105 gold pieces
 23194 | Orc:2    | Bought a potion of curing for 42 gold pieces
 23194 | Orc:2    | Bought a scroll of enchant weapon for 105 gold pieces
 23216 | Orc:2    | Found a staircase to the Elven Halls.
 23544 | Swamp:1  | Entered Level 1 of the Swamp
 24067 | Swamp:1  | Received a gift from Okawaru
 25315 | Swamp:3  | Noticed a thorn hunter
 25329 | Swamp:3  | Killed a thorn hunter
 25329 | Swamp:3  | Reached XP level 18. HP: 115/151 MP: 25/25
 26222 | Swamp:4  | Entered Level 4 of the Swamp
 26535 | Swamp:4  | Received a gift from Okawaru
 26538 | Swamp:4  | Got a slimy crystal plate armour {god gift}
 26549 | Swamp:4  | Identified the +9 crystal plate armour of the Gate {rC++}
                  | (Okawaru gifted it to you on level 4 of the Swamp)
 27145 | Swamp:4  | Got a decaying rune of Zot
 27911 | Vaults:1 | Entered Level 1 of the Vaults
 28336 | Vaults:1 | Received a gift from Okawaru
 28359 | Vaults:1 | Reached XP level 19. HP: 100/159 MP: 26/26
 29486 | Vaults:2 | Noticed a Hell Sentinel
 29926 | Vaults:2 | Received a gift from Okawaru
 30992 | Vaults:3 | Reached XP level 20. HP: 170/170 MP: 27/27
 31277 | Vaults:3 | Received a gift from Okawaru
 31709 | Vaults:3 | Found a staircase to the Crypt.
 31709 | Vaults:3 | Found an ancient bone altar of Kikubaaqudgha.
 31718 | Vaults:3 | Found a basalt altar of Yredelemnul.
 32382 | Vaults:4 | Received a gift from Okawaru
 32383 | Vaults:4 | Found the +0 pair of fencer's gloves {Riposte Dex+3}
 33515 | Orc:2    | Got a masterwork war axe {god gift}
 33516 | Orc:2    | Identified the +10 war axe of the Rattlesnake {vorpal, rN+}
                  | (Okawaru gifted it to you on level 2 of the Orcish Mines)
 33979 | D:15     | Noticed Jorgrun
 33991 | D:15     | Killed Jorgrun
 33991 | D:15     | Reached XP level 21. HP: 161/178 MP: 21/28
 34272 | D:15     | Found a staircase to the Depths.
 34812 | Depths:1 | Entered Level 1 of the Depths
 34980 | Snake:1  | Entered Level 1 of the Snake Pit
 34980 | Snake:1  | Found a frozen archway.
 34988 | IceCv    | Entered an ice cave
 35337 | IceCv    | Identified the +7 plate armour of the Will of the Gods
                  | {rN++ Regen+} (You found it in an ice cave)
 35744 | Crypt:1  | Entered Level 1 of the Crypt
 35787 | Crypt:1  | Received a gift from Okawaru
 35863 | Crypt:1  | Identified a scroll of acquirement
 35903 | Crypt:1  | Acquired the ring "Ducuymm" {rPois rN+}
 36243 | Crypt:1  | Received a gift from Okawaru
 37068 | Crypt:2  | Received a gift from Okawaru
 37103 | Crypt:2  | Identified a +1 pair of boots of running (Okawaru gifted it
                  | to you on level 2 of the Crypt)
 37248 | Crypt:3  | Entered Level 3 of the Crypt
 37261 | Crypt:3  | Found a staircase to the Tomb.
 37264 | Crypt:3  | Reached XP level 22. HP: 177/190 MP: 29/29
 37484 | Crypt:3  | Noticed Boris
 37498 | Crypt:3  | Killed Boris
 37924 | Crypt:3  | Received a gift from Okawaru
 37941 | Crypt:3  | Identified Boubir's Collected Works on Beguiling and
                  | Poisoning
 38430 | Crypt:3  | Reached skill level 15 in Armour
 39221 | Elf:1    | Entered Level 1 of the Elven Halls
 39714 | Elf:1    | Reached XP level 23. HP: 193/203 MP: 30/30
 40069 | Elf:1    | Found Doux's Weapon Emporium.
 40208 | Elf:2    | Noticed Louise
 40221 | Elf:2    | Killed Louise
 40297 | Elf:2    | Reached skill level 9 in Evocations
 40297 | Elf:2    | Reached XP level 24. HP: 210/210 MP: 30/30
 40538 | Elf:2    | Found a huge runed translucent gate.
 40538 | Elf:2    | Found a huge runed translucent gate.
 40538 | Elf:2    | Found a huge runed translucent gate.
 40545 | Elf:2    | Found a huge runed translucent gate.
 40546 | Elf:2    | Found a huge runed translucent gate.
 41689 | Elf:3    | Entered Level 3 of the Elven Halls
 41721 | Elf:3    | Received a gift from Okawaru
 41757 | Elf:3    | Found Dowonwoi's Weapon Boutique.
 42165 | Elf:3    | Found a runed translucent door.
 42166 | Elf:3    | Noticed Otoutod's ghost (journeyman DrEE)
 43282 | Elf:3    | Gained mutation: Your body sometimes deteriorates upon
                  | taking damage. [a cacodemon]
 43300 | Elf:3    | Identified the +6 spear "Xakheu" {vamp, rC+}
 43378 | Elf:3    | Identified the cursed +1 broad axe of the Brain {freeze,
                  | Dex+3}
 43392 | Elf:3    | Identified the cursed ring "Deici" {rF- rC+ rN+++ Str-4}
 43398 | Elf:3    | Reached XP level 25. HP: 208/217 MP: 30/30
 43466 | Elf:3    | Identified the -6 cloak of Sufficient Contentment {Dex+2}
                  | (You found it on level 3 of the Elven Halls)
 43469 | Elf:3    | Identified the +1 cloak "Piavuraa" {Str+4 Dex+3} (You found
                  | it on level 3 of the Elven Halls)
 43482 | Elf:3    | Got a flickering ivory ring
 43483 | Elf:3    | Identified the ring "Taatei" {rElec rPois Str-3 Int+3} (You
                  | found it on level 3 of the Elven Halls)
 43949 | Snake:1  | Received a gift from Okawaru
 44010 | Snake:1  | Identified the +5 executioner's axe of the Special Stories
                  | {flame, *Drain Int+3 Dex+2 SInv} (Okawaru gifted it to you
                  | on level 1 of the Snake Pit)
 45323 | Snake:3  | Received a gift from Okawaru
 46511 | Snake:4  | Entered Level 4 of the Snake Pit
 47278 | Snake:4  | Identified the +2 scale mail of the Armoured One {rElec}
                  | (You found it on level 4 of the Snake Pit)
 47412 | Snake:4  | Got a serpentine rune of Zot
 47899 | Vaults:5 | Entered Level 5 of the Vaults
 47911 | Vaults:5 | Received a gift from Okawaru
 47913 | Vaults:5 | Reached XP level 26. HP: 222/224 MP: 25/30
 48594 | Vaults:5 | Received a gift from Okawaru
 48835 | Vaults:5 | Reached skill level 1 in Dodging
 48858 | Vaults:5 | Identified the +7 plate armour of Witogau {Str+4 Int-3}
                  | (Okawaru gifted it to you on level 5 of the Vaults)
 48990 | Vaults:5 | Got a silver rune of Zot
 49079 | Vaults:5 | Reached skill level 5 in Dodging
 49238 | Vaults:5 | Got a crude ivory ring
 49239 | Vaults:5 | Identified the ring of Impatience {rF+ MR+ Str+5} (You
                  | found it on level 5 of the Vaults)
 49365 | Vaults:5 | Reached XP level 27. HP: 231/231 MP: 30/30
 49737 | Vaults:5 | Found the +2 ratskin cloak {*Rats rPois rN+ Str-1 Int-1
                  | Dex+1}
 49753 | Vaults:5 | Identified the Tome of Aerial Transmutation
 50403 | Depths:1 | Received a gift from Okawaru
 50451 | Depths:1 | Identified the +7 battleaxe of Malaise {vorpal, Stlth+}
                  | (Okawaru gifted it to you on level 1 of the Depths)
 50669 | Depths:1 | Reached skill level 10 in Dodging
 50794 | Depths:1 | Identified the cursed +1 morningstar "Beastbane"
                  | {antimagic, +Fly rElec Str+2 SInv} (You found it on level 1
                  | of the Depths)
 50859 | Depths:1 | Found a gateway to Hell.
 50874 | Depths:1 | Found a one-way gate to the infinite horrors of the Abyss.
 51111 | Depths:1 | Found a radiant altar of Vehumet.
 51116 | Depths:1 | Received a gift from Okawaru
 51124 | Depths:1 | Identified the cursed +0 hat of Dishonour {rF+++ rC+++
                  | Str-2 Dex-2} (You found it on level 1 of the Depths)
 51395 | Depths:2 | Noticed Sojobo
 51422 | Depths:2 | Killed Sojobo
 51460 | Depths:2 | Found a transporter.
 51469 | Depths:2 | Noticed Ebuufud's ghost (veteran MiFi)
 51482 | Depths:2 | Found a transporter.
 51513 | Depths:2 | Killed Ebuufud's ghost
 51520 | Depths:2 | Got a pair of fading boots
 51548 | Depths:2 | Identified the cursed +0 pair of boots of Broken Taboos
                  | {rElec rPois Int+3} (You found it on level 2 of the Depths)
 51627 | Depths:2 | Noticed Mara
 51647 | Depths:2 | Killed Mara
 51696 | Depths:2 | Noticed Saint Roka
 51702 | Depths:2 | Killed Saint Roka
 51765 | Depths:2 | Received a gift from Okawaru
 52138 | Depths:2 | Reached skill level 15 in Dodging
 52252 | Depths:2 | Identified the ring "Rese" {+Fly MR+}
 52288 | Depths:2 | Identified the -1 pair of gloves of Curiosity {Harm rF+
                  | Int+4} (You found it on level 2 of the Depths)
 52759 | Depths:1 | Identified the +1 plate armour of Whack-A-Mole {Str+3}
                  | (Okawaru gifted it to you on level 1 of the Depths)
 52840 | Depths:3 | Noticed Aizul
 52843 | Depths:3 | Killed Aizul
 52853 | Depths:3 | Found a one-way gate leading to the halls of Pandemonium.
 52860 | Depths:3 | Identified the cursed +1 plate armour "Adaecez" {Rampage}
                  | (You found it on level 3 of the Depths)
 53132 | Depths:3 | Noticed Jory
 53137 | Depths:3 | Killed Jory
 53246 | Depths:3 | Received a gift from Okawaru
 53248 | Depths:3 | Identified the +6 flail of Tender Mercy {flame, rElec Str-4
                  | Int+5}
 53252 | Depths:3 | Reached skill level 10 in Evocations
 53282 | Depths:3 | Noticed Bai Suzhen
 53296 | Depths:3 | Killed Bai Suzhen
 53354 | Depths:3 | Reached skill level 11 in Evocations
 53456 | Depths:3 | Reached skill level 12 in Evocations
 54042 | Depths:4 | Reached skill level 13 in Evocations
 54180 | Depths:4 | Received a gift from Okawaru
 54294 | Depths:4 | Reached skill level 14 in Evocations
 55150 | Depths:5 | Entered Level 5 of the Depths
 55163 | Depths:5 | Reached skill level 15 in Evocations
 55188 | Depths:5 | Reached skill level 16 in Evocations
 55205 | Depths:5 | Noticed Margery
 55215 | Depths:5 | Killed Margery
 55215 | Depths:5 | Reached skill level 17 in Evocations
 55354 | Depths:5 | Received a gift from Okawaru
 55367 | Depths:5 | Found a gateway to a ziggurat.
 55433 | Depths:5 | Reached skill level 18 in Evocations
 55531 | Depths:5 | Noticed a juggernaut
 55550 | Depths:5 | Killed a juggernaut
 55564 | Depths:5 | Received a gift from Okawaru
 55564 | Depths:5 | Reached skill level 19 in Evocations
 56012 | Depths:5 | Reached skill level 20 in Evocations
 56056 | Depths:5 | Found a gate to the Realm of Zot.
 56195 | Zot:1    | Entered Level 1 of the Realm of Zot
 56441 | Zot:1    | Received a gift from Okawaru
 56445 | Zot:1    | Identified the +1 ring mail "Jeihata" {MR+} (Okawaru gifted
                  | it to you on level 1 of the Realm of Zot)
 56493 | Zot:1    | Found a transporter.
 56526 | Zot:1    | Reached skill level 21 in Evocations
 56832 | Zot:1    | Found a transporter.
 57243 | Zot:1    | Noticed a Killer Klown
 57243 | Zot:1    | Noticed an orb of fire
 57249 | Zot:1    | Killed an orb of fire
 57258 | Zot:1    | Killed a Killer Klown
 57259 | Zot:1    | Reached skill level 22 in Evocations
 57285 | Zot:1    | Gained mutation: You are dopey. (Int -2) [mutagenic glow]
 57289 | Zot:1    | Identified the +1 scale mail of Keaph {rC- Str+6} (You
                  | found it on level 1 of the Realm of Zot)
 57292 | Zot:1    | Got a glittering golden ring
 57293 | Zot:1    | Identified the ring "Dengut" {rF- MP+9 EV+4 Dex+7} (You
                  | found it on level 1 of the Realm of Zot)
 57310 | Zot:1    | Got a crude golden ring
 57311 | Zot:1    | Identified the ring "Vustred" {Ice Str-4 Dex+5} (You found
                  | it on level 1 of the Realm of Zot)
 57503 | Zot:2    | Noticed an orb of fire
 57516 | Zot:1    | Killed an orb of fire
 57516 | Zot:1    | Received a gift from Okawaru
 57521 | Zot:1    | Identified the +0 tower shield of Roitwask {rC+} (Okawaru
                  | gifted it to you on level 1 of the Realm of Zot)
 57973 | Zot:2    | Reached skill level 23 in Evocations
 58124 | Zot:2    | Received a gift from Okawaru
 58364 | Zot:2    | Reached skill level 24 in Evocations
 58477 | Zot:3    | Noticed an orb of fire
 58482 | Zot:3    | Gained mutation: You are weak. (Str -2) [an orb of fire]
 59021 | Zot:3    | Reached skill level 25 in Evocations
 59083 | Zot:3    | Killed an orb of fire
 59588 | Zot:4    | Noticed an orb of fire
 59603 | Zot:4    | Killed an orb of fire
 59603 | Zot:4    | Received a gift from Okawaru
 59611 | Zot:4    | Noticed a Killer Klown
 59624 | Zot:4    | Reached skill level 26 in Evocations
 59862 | Zot:4    | Identified the cursed +0 chain mail "Ossyoh" {*Slow rElec
                  | rF++ Str+3} (You found it on level 4 of the Realm of Zot)
 60077 | Zot:4    | Killed a Killer Klown
 60525 | Zot:4    | Reached skill level 27 in Evocations
 60567 | Zot:4    | Received a gift from Okawaru
 60854 | Zot:5    | Entered Level 5 of the Realm of Zot
 61065 | Zot:5    | Gained mutation: You are very dopey. (Int -4) [mutagenic
                  | glow]
 61076 | Zot:5    | Noticed an orb of fire
 61085 | Zot:5    | Killed an orb of fire
 61085 | Zot:5    | Noticed an ancient lich
 61090 | Zot:5    | Killed an ancient lich
 61090 | Zot:5    | Noticed an orb of fire
 61095 | Zot:5    | Gained mutation: You do not regenerate when monsters are
                  | visible. [an orb of fire]
 61096 | Zot:5    | Gained mutation: Your magical capacity is low. (-10% MP)
                  | [an orb of fire]
 61099 | Zot:5    | Gained mutation: Your spells are a little easier to cast,
                  | but a little less powerful. [an orb of fire]
 61101 | Zot:5    | Killed an orb of fire
 61116 | Zot:5    | Noticed an orb of fire
 61135 | Zot:5    | Killed an orb of fire
 61135 | Zot:5    | Received a gift from Okawaru
 61208 | Zot:5    | Lost mutation: You are weak. (Str -2) [potion of mutation]
 61208 | Zot:5    | Lost mutation: Your magical capacity is low. (-10% MP)
                  | [potion of mutation]
 61208 | Zot:5    | Lost mutation: You are very dopey. (Int -4) [potion of
                  | mutation]
 61208 | Zot:5    | Gained mutation: Your muscles are strong. (Str +2) [potion
                  | of mutation]
 61209 | Zot:5    | Lost mutation: Your body sometimes deteriorates upon taking
                  | damage. [potion of mutation]
 61209 | Zot:5    | Lost mutation: You are dopey. (Int -2) [potion of mutation]
 61209 | Zot:5    | Lost mutation: Your muscles are strong. (Str +2) [potion of
                  | mutation]
 61209 | Zot:5    | Gained mutation: You are partially covered in iridescent
                  | scales. (AC +2) [potion of mutation]
 61209 | Zot:5    | Gained mutation: You are resistant to hostile enchantments.
                  | (MR+) [potion of mutation]
 61209 | Zot:5    | Gained mutation: You are somewhat resistant to further
                  | mutation. [potion of mutation]
 61210 | Zot:5    | Lost mutation: You are resistant to hostile enchantments.
                  | (MR+) [potion of mutation]
 61210 | Zot:5    | Lost mutation: You are partially covered in iridescent
                  | scales. (AC +2) [potion of mutation]
 61210 | Zot:5    | Gained mutation: Your muscles are strong. (Str +2) [potion
                  | of mutation]
 61210 | Zot:5    | Gained mutation: You are resistant to electric shocks.
                  | (rElec) [potion of mutation]
 61211 | Zot:5    | Lost mutation: Your spells are a little easier to cast, but
                  | a little less powerful. [potion of mutation]
 61211 | Zot:5    | Lost mutation: You are resistant to electric shocks.
                  | (rElec) [potion of mutation]
 61211 | Zot:5    | Lost mutation: Your muscles are strong. (Str +2) [potion of
                  | mutation]
 61212 | Zot:5    | Lost mutation: You are somewhat resistant to further
                  | mutation. [potion of mutation]
 61212 | Zot:5    | Lost mutation: You do not regenerate when monsters are
                  | visible. [potion of mutation]
 61212 | Zot:5    | Gained mutation: You are somewhat resistant to further
                  | mutation. [potion of mutation]
 61300 | Zot:5    | Noticed an orb of fire
 61312 | Zot:5    | Killed an orb of fire
 61314 | Zot:5    | Noticed an orb of fire
 61321 | Zot:5    | Killed an orb of fire
 61395 | Zot:5    | Noticed an orb of fire
 61397 | Zot:5    | Gained mutation: You are frail. (-10% HP) [an orb of fire]
 61399 | Zot:5    | Killed an orb of fire
 61400 | Zot:5    | Noticed an ancient lich
 61404 | Zot:5    | Killed an ancient lich
 61440 | Zot:5    | Noticed an ancient lich
 61448 | Zot:5    | Killed an ancient lich
 61766 | Zot:5    | Noticed a Killer Klown
 61776 | Zot:5    | Killed a Killer Klown
 61872 | Zot:5    | Noticed an orb of fire
 61891 | Zot:5    | Killed an orb of fire
 61891 | Zot:5    | Received a gift from Okawaru
 61969 | Zot:5    | Noticed a Killer Klown
 61971 | Zot:5    | Noticed an ancient lich
 61978 | Zot:5    | Killed an ancient lich
 61985 | Zot:5    | Killed a Killer Klown
 61989 | Zot:5    | Noticed an orb of fire
 61991 | Zot:5    | Noticed an orb of fire
 62002 | Zot:5    | Killed an orb of fire
 62008 | Zot:5    | Gained mutation: You have sharp toenails. [an orb of fire]
 62011 | Zot:5    | Killed an orb of fire
 62260 | Zot:5    | Got the Orb of Zot
 62268 | Zot:5    | Noticed Hoetreok the pandemonium lord
 62291 | Zot:5    | Killed Hoetreok the pandemonium lord
 62305 | Zot:5    | Noticed Ajuhew the pandemonium lord
 62310 | Zot:5    | Killed Ajuhew the pandemonium lord
 62553 | Zot:1    | Noticed Huhouxabb the pandemonium lord
 62565 | Zot:1    | Killed Huhouxabb the pandemonium lord
 62922 | D:8      | Noticed a seraph
 62930 | D:8      | Killed a seraph
 63114 | D:$      | Escaped with the Orb!

Illustrated notes

Levels and vault maps discovered:
D:1:      dpeg_arrival_yet_another_circle, layout_basic, roderic_roman_lattice,
          minmay_indecisive_spiral
D:2:      layout_basic, grunt_gozag_statues, lemuel_doored_altar
D:3:      layout_basic, okawaru_gym_becter
D:4:      layout_basic, kennysheep_vampire_church
D:5:      cheibrodos_quashed, layout_loops_ring,
          grunt_dithmenos_smoke_and_mirrors
D:6:      layout_cave_pods, lemuel_coloured_pillars_altar, old_standard_altar,
          minmay_temple_entry_offerings, uniq_pikel
D:7:      layout_loops_ring, nicolae_ru_the_path_less_chosen,
          lemuel_crystal_altar, minmay_misc_feat_four_crosses,
          minmay_misc_feat_ornament
D:8:      layout_loops_ring
D:9:      layout_basic, kennysheep_mini, nicolae_qazlal_general_emergency
D:10:     layout_big_octagon, due_lair_maze_entry_diamond,
          minmay_orc_entry_temple_small, uniq_erolcha, uniq_fannar, uniq_joseph
D:11:     layout_roguey [special_room_orc], minmay_diamond_spiral
D:12:     layout_loops_ring, onia_ninara_dug_in_and_dangerous
D:13:     layout_roguey, minmay_parallelograms, uniq_snorg
D:14:     layout_small_grid, erik_vaults_1, hangedman_decor_growths,
          serial_shops, shop
D:15:     gammafunk_enter_depths_forms, layout_basic, serial_rivers,
          chequers_serial_rivers_large_a, chequers_serial_rivers_room_b,
          chequers_serial_rivers_room_a, chequers_serial_rivers_micro_b,
          chequers_serial_rivers_room_a, uniq_jorgrun
Lair:1:   layout_gridlike, serial_forest, infiniplex_forest_clump_tiny,
          infiniplex_forest_lined_2, infiniplex_forest_clump_large,
          infiniplex_forest_clump_long, infiniplex_forest_straight_2,
          infiniplex_forest_end_2, infiniplex_forest_pool, lemuel_oklob_altar
Lair:2:   layout_regular_city, swamp_mist, guppyfry_snake_entry_island,
          grunt_forest_large_clearings
Lair:3:   layout_roguey, cheibrodos_lair_lostbears, serial_bayou_shore_a,
          infiniplex_staircase_pool, lemuel_fruit_tree, grunt_megastairs_2
Lair:4:   layout_regular_city, gammafunk_ghost_cemetery
Lair:5:   layout_regular_city, nicolae_volcano_entry_batcave, grunt_megastairs_3
Lair:6:   evilmike_catoblepas_cave, layout_regular_city,
          minmay_slime_entry_oklob_enclosed, dpeg_oklob_1,
          minmay_lair_oklob_chamber, uniq_josephine, uniq_urug
Swamp:1:  layout_basic_swamp, evilmike_swamp_ruin_house_2
Swamp:2:  layout_basic_swamp, nicolae_swamp_round_clearing
Swamp:3:  layout_falls_marsh, evilmike_swamp_ruin_house_6
Swamp:4:  swamp_basic_johnstein, layout_basic_swamp
Snake:1:  layout_honeycomb, portal_ice_cave_entry_pillars_three
Snake:2:  layout_misc_corridors
Snake:3:  layout_layer_cave
Snake:4:  snake_pit, layout_basic, drop_trap
Orc:1:    nicolae_orc_accident_2, layout_caves, basic_altar, lemuel_statue_altar
Orc:2:    grunt_orc_gardens, layout_diamond_mine, grunt_orc_garden,
          grunt_orc_garden, grunt_orc_garden, grunt_orc_garden,
          gauntlet_entry_generic, serial_shops, nicolae_shop_overgrown_old_shop,
          mines2_lemuel, uniq_rupert
Elf:1:    elf_arrival_002, layout_onion_city, serial_shops,
          nicolae_shop_competitors_out_of_business,
          hangedman_elven_crosses_minicolossus, abandoned_shop, st_stairs_4
Elf:2:    layout_onion_city, uniq_louise
Elf:3:    minmay_elf_hall_x, layout_geoelf_castle, gammafunk_ghost_grave,
          serial_shops, shop_statue, lemuel_flamethrower_hall
Vaults:1: v_misc_31, st_smaller_cells, hangedman_vaults_capsules,
          nicolae_vaults_ring_of_whatevers, ontoclasm_vaults_shuriken,
          vaults_room_corners, hangedman_vaults_impose, layout_vaults_quadrants
Vaults:2: nicolae_vaults_mini_display_case, hangedman_vaults_restitches,
          v_misc_17, ontoclasm_vaults_ring_large, vaults_room_hallway,
          grunt_vaults_funnel, vaults_room_corners, vaults_standard_mumra_x,
          nicolae_vaults_theta, ontoclasm_vaults_decontamination,
          layout_vaults_chaotic_city
Vaults:3: hangedman_vaults_locks, grunt_vaults_trifunnel,
          nicolae_vaults_circle_grid_a, hangedman_vaults_maws, v_misc_12,
          v_misc_33, minmay_crypt_entry_necro_gods, v_misc_9, vaults_dpeg_cross,
          ontoclasm_vaults_ring_square, layout_vaults_omnibox
Vaults:4: v_misc_28, v_misc_22, vaults_standard_mumra_lines,
          nicolae_vaults_little_squares_6, nicolae_vaults_yaktaur_gun_rack,
          vaults_room_octagon, ontoclasm_vaults_twist,
          nicolae_vaults_angled_halls, vaults_dpeg_doors,
          hangedman_vaults_stretched_pinwheel, vaults_room_hangedman_quadrants,
          layout_vaults_ring
Vaults:5: serial_shops
Crypt:1:  layout_catacombs, minmay_strange_pillars, grunt_crypt_arrival_webbed
Crypt:2:  layout_regular_city
Crypt:3:  due_elkab, layout_chaotic_city, tomb_entry_simple_bobbens, uniq_boris
Depths:1: layout_forbidden_donut, hell_entry, abyss_entry_crystal, drop_trap,
          grunt_tower_of_power
Depths:2: hangedman_six_sided_sadism, layout_basic,
          gammafunk_ghost_berserking_beasts, hell_entry, uniq_mara,
          uniq_saint_roka, uniq_sojobo
Depths:3: minmay_the_grid_net [minmay_the_grid_square_x,
          minmay_the_grid_spin_star, minmay_the_grid_aliased_spiral,
          minmay_the_grid_doors, minmay_the_grid_paths,
          minmay_the_grid_prize_inner_circle], layout_basic,
          rand_demon_pan_entry_3, hell_entry, ebering_dispersal_statue_hall,
          minmay_tree_intersection, nicolae_twisting_strands, minivault_16,
          uniq_jory, uniq_bai_suzhen, uniq_aizul
Depths:4: hangedman_elemental_death_ray, layout_basic, abyss_entry, hell_entry,
          serial_sigils_hangedman_scratch, minivault_16, columned_hall_lemuel,
          minmay_misc_feat_secret_circle, infiniplex_staircase_pool_lava
Depths:5: grunt_zot_entry_gee_three, layout_cave_pools, enter_ziggurat_f,
          nrook_uturn, hell_entry, st_stairs_4, drop_trap, uniq_margery
Zot:1:    gammafunk_its_a_trap, layout_cathedral_of_symmetry, zot_minivault_1
Zot:2:    layout_basic, zot_minivault_5
Zot:3:    layout_misc_corridors, st_stairs_12
Zot:4:    grunt_deathspiral_small, layout_onion
Zot:5:    layout_twisted_circle

Skill      XL: |  1  2  3  4  5  6  7  8  9 10 11 12 13 14 15 16 17 18 19 20 21 22 23 24 25 26 27 |
---------------+----------------------------------------------------------------------------------+-----
Axes           | 3 4 5 6 7 9 11 12 14 16 18 20 21 22 | 22.0
Fighting       | 4 5 10 13 14 15 16 18 20 22 | 22.0
Invocations    | 1 3 4 5 6 7 9 10 14 | 14.0
Evocations     | 1 3 7 9 27 | 27.0
Armour         | 7 10 11 12 13 14 15 16 19 22 | 22.0
Shields        | 6 10 14 15 16 20 22 | 22.0
Dodging        | 5 19 | 19.9
Stealth        | |  0.1

Action                   |  1- 3 |  4- 6 |  7- 9 | 10-12 | 13-15 | 16-18 | 19-21 | 22-24 | 25-27 || total
-------------------------+-------+-------+-------+-------+-------+-------+-------+-------+-------++-------
Melee: War axe           |   104 |   124 |   291 |    20 |       |       |       |       |       ||   539
       Hand axe          |       |       |       |   368 |   298 |       |       |       |       ||   666
       Whip              |       |       |       |     8 |     6 |       |       |       |       ||    14
       Battleaxe         |       |       |       |       |   252 |   896 |    10 |       |       ||  1158
       Executioner's axe |       |       |       |       |       |   347 |   860 |   780 |  3088 ||  5075
       Unarmed           |       |       |       |       |       |       |       |       |     1 ||     1
Throw: Javelin           |       |       |       |       |     7 |     8 |     2 |       |       ||    17
Invok: Heroism           |       |       |     5 |     8 |     7 |    15 |    14 |    13 |    35 ||    97
       Finesse           |       |       |       |     1 |     1 |     3 |     3 |     4 |    18 ||    30
 Abil: Dig               |       |       |     1 |       |     6 |     2 |     1 |     3 |    10 ||    23
Evoke: Wand              |       |       |       |     2 |    23 |       |     8 |     1 |     3 ||    37
       Tin of tremorston |       |       |       |       |       |       |     6 |       |     6 ||    12
       Lightning rod     |       |       |       |       |       |       |     1 |       |     1 ||     2
       Condenser vane    |       |       |       |       |       |       |     1 |       |     4 ||     5
  Use: Scroll            |       |     8 |     9 |     4 |    13 |    11 |    13 |     3 |    32 ||    93
       Potion            |       |       |       |     6 |     2 |     1 |     2 |     1 |     8 ||    20
 Stab: Confused          |       |       |       |       |       |       |       |       |     1 ||     1
Armor: Scale mail        |    38 |    18 |       |       |       |       |       |       |       ||    56
       Plate armour      |       |    68 |   240 |   173 |   154 |   242 |    59 |    76 |       ||  1012
       Crystal plate arm |       |       |       |       |       |   148 |   189 |   124 |   914 ||  1375
Dodge: Dodged            |    37 |    25 |    77 |    76 |    53 |   151 |    92 |    65 |   647 ||  1223
Block: Kite shield       |    61 |    81 |   177 |   186 |    29 |       |       |       |       ||   534
       Tower shield      |       |       |       |       |   537 |  1650 |  1014 |   697 |  3677 ||  7575
       Reflection        |       |       |       |       |    17 |    71 |    95 |    52 |   245 ||   480
       Rpst.: Executioner's axe |       |       |       |       |       |       |     3 |       |       ||     3

Table legend: (Time is in decaauts)
 A = Elapsed time spent in this place.
 B = Non-inter-level travel time spent in this place.
 C = Inter-level travel time spent in this place.
 D = Time resting spent in this place.
 E = Time spent auto-exploring this place.
 F = Levels seen in this place.
 G = Mean time per level.
                   A        B        C        D        E       F      G
               +--------+--------+--------+--------+--------+-----+--------+
         Total |  61531 |  56606 |   4925 |   4697 |  37217 |  55 | 1118.7 |
       Dungeon |  16239 |  14546 |   1693 |   1027 |  10794 |  15 | 1082.6 |
          Lair |   7227 |   6787 |    440 |    422 |   5131 |   6 | 1204.5 |
         Swamp |   4508 |   4195 |    313 |    185 |   3005 |   4 | 1127.0 |
     Snake Pit |   3611 |   3420 |    191 |     90 |   2459 |   4 |  902.8 |
  Orcish Mines |   2002 |   1802 |    200 |    111 |   1155 |   2 | 1001.0 |
   Elven Halls |   4063 |   3828 |    235 |    176 |   2425 |   3 | 1354.3 |
        Vaults |   8053 |   7127 |    926 |   1377 |   4008 |   5 | 1610.6 |
         Crypt |   2985 |   2787 |    198 |     51 |   1923 |   3 |  995.0 |
        Depths |   5840 |   5478 |    362 |     95 |   3414 |   5 | 1168.0 |
           Zot |   5974 |   5613 |    361 |   1160 |   2653 |   5 | 1194.8 |
      Ice Cave |    407 |    407 |      0 |      0 |    138 |   1 |  407.0 |
       Volcano |    167 |    167 |      0 |      0 |      0 |   1 |  167.0 |
      Gauntlet |    449 |    449 |      0 |      0 |    108 |   1 |  449.0 |
               +--------+--------+--------+--------+--------+-----+--------+

Top non-repeatable levels by time:
Vaults:4: 2154 daAuts
Vaults:1: 1807 daAuts
   Elf:3: 1783 daAuts
    D:10: 1696 daAuts
   Zot:4: 1594 daAuts
  Lair:6: 1589 daAuts
   Zot:1: 1565 daAuts
Vaults:2: 1558 daAuts
 Crypt:3: 1502 daAuts
Depths:2: 1479 daAuts
 Swamp:4: 1446 daAuts
   Zot:5: 1419 daAuts
  Lair:2: 1400 daAuts
   Elf:2: 1361 daAuts
     D:6: 1320 daAuts
